 Dungeon Crawl Stone Soup version 0.31-a0-1537-g69dc257577 (webtiles) character file.

Game seed: 14992102546199395599

44 Conn the Conjurer (level 3, -1/16 HPs)
             Began as a Vine Stalker Conjurer on Jan 1, 2024.
             Killed by divine providence
             ... invoked by an orc priest
              (8 damage)
             ... on level 2 of the Dungeon.
             The game lasted 00:04:23 (1338 turns).

Conn the Conjurer (Vine Stalker Conjurer)           Turns: 1338, Time: 00:04:24

Health: -1/16      AC:  2    Str:  9    XL:     3   Next: 62%
Magic:  0/8        EV: 12    Int: 20    God:
Gold:   78         SH:  0    Dex: 12    Spells: 2/8 levels left

rFire   . . .        d - +0 dagger
rCold   + . .        (no shield)
rNeg    . . .        a - +0 robe
rPois   .            (no helmet)
rElec   .            (no cloak)
rCorr   .            (no gloves)
SInv    .            (no boots)
Will    .....        (no amulet)
Stlth   ++           g - ring of protection from cold
HPRegen 1.02/turn    (no ring)
MPRegen 0.11/turn

%: guardian spirit
@: no status effects
A: fangs 2, regeneration 1, magic shield, antimagic bite, no potion heal 2
a: no special abilities


You were on level 2 of the Dungeon.
You visited 1 branch of the dungeon, and saw 2 of its levels.

You collected 78 gold pieces.

Inventory:

Hand Weapons
 d - a +0 dagger (weapon)
Armour
 a - a +0 robe (worn)
Jewellery
 g - a ring of protection from cold (left hand)
Scrolls
 c - 2 scrolls of summoning {unknown}
 e - 2 scrolls of teleportation {unknown}
 f - a scroll of amnesia {unknown}
 h - a scroll of poison {unknown}
 i - a scroll of enchant weapon {unknown}
 m - a scroll of noise {unknown}
Potions
 b - a potion of magic
 j - a potion of invisibility {unknown}
 k - a potion of attraction {unknown}
 l - a potion of berserk rage {unknown}


   Skills:
 + Level 2.0 Dodging
 + Level 3.1 Stealth
 * Level 3.0 Spellcasting
 + Level 4.2 Conjurations
 * Level 0.2 Summonings


You had 2 spell levels left.
You knew the following spells:

 Your Spells              Type           Power      Damage    Failure   Level
a - Magic Dart            Conj           80%        1d7       2%          1
b - Searing Ray           Conj           40%        2d5       3%          2
c - Call Canine Familiar  Summ           4%         N/A       36%         3

Your spell library contained the following spells:

 Spells                   Type           Power      Damage    Failure   Level
 Cigotuvi's Dreadful Rot  Necr/Alch/Air  6%         N/A       22%         2
 Sigil of Binding         Hex            3%         N/A       38%         3
 Fulminant Prism          Conj/Alch      5%         3d7       52%         4
 Iskenderun's Mystic Bla  Conj/Tloc      11%        2d4       52%         4
 Dimensional Bullseye     Hex/Tloc       1%         N/A       80%         4
 Dispel Undead            Necr           3%         3d7       80%         4
 Martyr's Knell           Necr/Summ      3%         N/A       80%         4
 Death Channel            Necr           1%         N/A       100%        6


Dungeon Overview and Level Annotations

Branches:
Dungeon (2/15)

Altars:

Shops:
D:1 *


Innate Abilities, Weirdness & Mutations

You have extremely sharp teeth.
Your natural rate of healing is unusually fast.
When hurt, damage is shared between your health and your magic reserves.
Your bite disrupts and absorbs the magic of your enemies.
Potions cannot restore your health.


Message History

Aiming: Magic Dart (safe; 2% risk of failure)
Press: ? - help, Shift-Dir - straight line, f/p - ribbon worm
Aim: a ribbon worm (almost dead, 100% to hit)
The magic dart hits the ribbon worm.
You kill the ribbon worm!
You see here a +0 dagger.
You now have 78 gold pieces (gained 12).
Found a scale mail.
You see here a +0 scale mail. 2 orcs come into view.
The orc shouts! x2
The orc moves out of view.
An orc priest and a ribbon worm come into view.
Casting: Magic Dart (safe; 2% risk of failure)
Confirm with . or Enter, or press ? or * to list all spells.
Aiming: Magic Dart (safe; 2% risk of failure)
Press: ? - help, Shift-Dir - straight line, f - orc
Aim: an orc, wielding a +0 club and wearing a +0 ring mail (100% to hit)
The magic dart hits the orc.
The orc is moderately wounded.
The orc priest shouts!
The orc hits you with a +0 club.
Okay, then.
Unknown command.
Unknown command.
The orc attacks as it pursues you! The orc hits you with a +0 flail!
The orc attacks as it pursues you! The orc hits you with a +0 flail.
A hobgoblin comes into view.
The hobgoblin moves out of view.
The orc attacks as it pursues you! The orc barely misses you.
The orc attacks as it pursues you! The orc barely misses you.
The orc attacks as it pursues you! The orc closely misses you.
The orc attacks as it pursues you! The orc hits you with a +0 flail.
The orc priest calls upon Beogh to heal the orc.
The orc's wounds heal themselves!
The orc attacks as it pursues you! The orc hits you with a +0 flail!
The orc priest calls down the wrath of Beogh upon you.
Beogh smites you!
Ouch! That really hurt!
You die...

## #..# ###.##(###.#####..#. .#
#..# #.).##............#. .# #..#
##.#.....†#.######... .# #..#
#.÷...>...........[.. .# #..#
#..#..........)######
.###..#######..#.####..##...# ##
...............).####..##.#.####.
.###########....<.........#...#..
.###########....@..###..#####....
.................#.# ##.. #...#..
.###########....o#.# ### #.####.
## ########.##.#.. ... ..
#.......)##o# ## ##. ...
#........##.# ## ###
#.#########.# #.# #o# #.# #.###


You could see an orc priest and 2 orcs.

Vanquished Creatures
  4 dart slugs
  A ribbon worm (D:2)
  A ball python (D:1)
  2 endoplasms (D:1)
  A giant cockroach (D:1)
  5 goblins
  2 hobgoblins
  A jackal (D:1)
  3 kobolds
  3 quokkas (D:1)
  2 bats (D:1)
  A frilled lizard (D:2)
  4 rats
30 creatures vanquished.

Notes
Turn   | Place    | Note
-------+----------+-------------------------------------------
     0 | D:1      | Conn the Vine Stalker Conjurer began the quest for the Orb.
     0 | D:1      | Reached XP level 1. HP: 9/9 MP: 4/4
   211 | D:1      | Reached XP level 2. HP: 13/13 MP: 4/6
   216 | D:1      | Learned a level 2 spell: Searing Ray
   496 | D:1      | Found Wyemasm's General Store.
   620 | D:1      | Reached XP level 3. HP: 14/16 MP: 2/8
  1025 | D:1      | Learned a level 3 spell: Call Canine Familiar
  1338 | D:2      | Killed from afar by an orc priest

Illustrated notes

Levels and vault maps discovered:
D:1:      minmay_arrival_four_loops, layout_rooms, serial_shops,
          nicolae_shop_stone, nrook_uturn, minmay_bisected
D:2:      cheibrodos_pilgrimage, layout_loops_ring, basic_altar

Skill      XL: |  1  2  3 |
---------------+----------+-----
Stealth        | 3 |  3.1
Dodging        | 2 |  2.0
Spellcasting   | 3 |  3.0
Conjurations   | |  4.2
Summonings     | |  0.2

Action                     || total
---------------------------++-------
  Melee: Dagger            ||    39
         Bite              ||    12
   Cast: Magic Dart        ||    47
   Stab: Sleeping          ||     4
 Armour: Robe              ||    33
  Dodge: Dodged            ||    33

Table legend: (Time is in decaauts)
 A = Elapsed time spent in this place.
 B = Non-inter-level travel time spent in this place.
 C = Inter-level travel time spent in this place.
 D = Time resting spent in this place.
 E = Time spent auto-exploring this place.
 F = Levels seen in this place.
 G = Mean time per level.
                   A        B        C        D        E       F      G
               +--------+--------+--------+--------+--------+-----+--------+
         Total |   1337 |   1319 |     18 |     74 |    890 |   2 |  668.5 |
       Dungeon |   1337 |   1319 |     18 |     74 |    890 |   2 |  668.5 |
               +--------+--------+--------+--------+--------+-----+--------+

Top non-repeatable levels by time:
     D:1: 944 daAuts
     D:2: 393 daAuts
